 Dungeon Crawl Stone Soup version 0.30-a0-1042-gacf32f4bd3 (webtiles) character file.

Game seed: 2838636306183462585

16 Gerhard the Conjurer (level 2, 0/1 (17) HPs)
             Began as a Tengu Reaver on Apr 9, 2023.
             Slain by a bat (1 damage)
             ... on level 2 of the Dungeon.
             The game lasted 00:11:49 (858 turns).

Gerhard the Conjurer (Tengu Reaver)                  Turns: 858, Time: 00:11:50

HP:   0/1 (17)      AC:  3    Str: 12    XL:     2   Next: 54%
MP:   6/6           EV: 12    Int: 13    God:
Gold: 23            SH:  0    Dex: 12    Spells: 4/5 levels left

rFire   + . .      SeeInvis .    g - +0 sling
rCold   . . .      Faith    .    (no shield)
rNeg    . . .      Spirit   .    b - +0 leather armour
rPois   .          Reflect  .    (helmet restricted)
rElec   .          Rampage  .    (no cloak)
rCorr   .                        (no gloves)
Will    .....                    (boots unavailable)
Stlth   +                        (no amulet)
HPRegen 0.20/turn                c - ring of protection from fire
MPRegen 0.10/turn                (no ring)

@: hasted, extremely drained, very quick
A: beak, talons 3
a: no special abilities


You were on level 2 of the Dungeon.
You visited 1 branch of the dungeon, and saw 2 of its levels.

You collected 23 gold pieces.

Inventory:

Hand Weapons
 a - a +1 short sword
 f - a +0 mace
 g - a +0 sling (weapon)
 h - a +0 club
Missiles
 e - 7 stones
Armour
 b - a +0 leather armour (worn)
 d - a +0 ring mail
 i - a +0 pair of boots
Jewellery
 c - a ring of protection from fire (left hand)


   Skills:
 + Level 2.1 Fighting
 + Level 3.5 Short Blades
 + Level 0.1 Ranged Weapons
 + Level 2.3 Dodging
 + Level 2.0 Spellcasting
 + Level 4.5 Conjurations


You had 4 spell levels left.
You knew the following spells:

 Your Spells              Type           Power      Damage    Failure   Level
a - Kiss of Death         Conj/Necr      28%        2d7       13%         1

Your spell library contained the following spells:

 Spells                   Type           Power      Damage    Failure   Level
 Momentum Strike          Conj/Tloc      14%        3d8       19%         2
 Hailstorm                Conj/Ice       7%         3d4       36%         3


Dungeon Overview and Level Annotations

Branches:
Dungeon (2/15)

Altars:


Innate Abilities, Weirdness & Mutations

You have a beak for a mouth.
You have claws for feet.


Message History

You can't see any susceptible monsters within range! (Use Z to cast anyway.) Unknown command.
You climb downwards.
The ball python hisses angrily.
Found a scroll of identify.
There is a stone staircase leading up here.
Found a scroll labelled TAGRU MUOSOUDGH.
The bat attacks as you move away! The bat barely misses you. x2
Found a stone staircase leading up.
The bat attacks as you move away! The bat closely misses you.
You see here a scroll labelled TAGRU MUOSOUDGH.
The bat barely misses you.
Welcome back, Gerhard the Tengu Reaver.
Press ? for a list of commands and other information.
The bat barely misses you.
You shoot a sling bullet. The sling bullet barely misses the bat.
The sling bullet hits the ball python.
You kill the ball python!
The bat barely misses you. The bat hits you but does no damage. x2
You shoot a sling bullet. The sling bullet misses the bat.
The bat closely misses you.
You shoot a sling bullet.
The sling bullet completely misses the bat.
The bat misses you.
You see here a scroll labelled TAGRU MUOSOUDGH.
You shoot a sling bullet.
The sling bullet hits the bat but does no damage.
The bat hits you but does no damage. The bat barely misses you.
You shoot a sling bullet.
The sling bullet closely misses the bat.
The bat barely misses you. x2
You shoot a sling bullet. The sling bullet misses the bat.
The bat barely misses you.
You shoot a sling bullet. The sling bullet barely misses the bat.
The bat hits you but does no damage.
You shoot a sling bullet.
The sling bullet closely misses the bat.
The bat hits you.
Ouch! That really hurt!
You die...

.# .< #. # #. .## #.##
#..##. #..# #......
#####b########......
#...@...........#
.......###.#####..<###
....### #..# ###.# ...
##.# #..# . .# ##?# .#
.# .# .. .# #.# ..


You could see a bat.

Vanquished Creatures
  2 bats (D:1)
  2 endoplasms (D:1)
  A giant cockroach (D:1)
  A goblin (D:1)
  2 hobgoblins (D:1)
  A quokka (D:1)
  A ball python (D:2)
  3 frilled lizards (D:1)
  A rat (D:1)
14 creatures vanquished.

Notes
Turn   | Place    | Note
-------+----------+-------------------------------------------
     0 | D:1      | Gerhard the Tengu Reaver began the quest for the Orb.
     0 | D:1      | Reached XP level 1. HP: 12/12 MP: 4/4
   380 | D:1      | Reached XP level 2. HP: 2/11 MP: 4/6
   858 | D:2      | Slain by a bat

Illustrated notes

Levels and vault maps discovered:
D:1:      matt_arrival_grand_opening, layout_basic, serial_glass,
          glass_columns_c, glass_columns_c, glass_columns_c, glass_columns_b,
          glass_columns_b, glass_columns_c, glass_columns_b, glass_columns_c,
          glass_columns_a, glass_columns_a, minmay_three_crescents
D:2:      layout_rooms

Action                     || total
---------------------------++-------
  Melee: Short sword       ||     6
         Kick              ||     2
   Fire: Sling             ||    17
   Cast: Kiss of Death     ||     8
    Use: Scroll            ||     2
         Potion            ||     1
 Armour: Leather armour    ||    11
         Ring mail         ||     2
  Dodge: Dodged            ||    31

Table legend: (Time is in decaauts)
 A = Elapsed time spent in this place.
 B = Non-inter-level travel time spent in this place.
 C = Inter-level travel time spent in this place.
 D = Time resting spent in this place.
 E = Time spent auto-exploring this place.
 F = Levels seen in this place.
 G = Mean time per level.
                   A        B        C        D        E       F      G
               +--------+--------+--------+--------+--------+-----+--------+
         Total |    853 |    853 |      0 |    379 |     64 |   2 |  426.5 |
       Dungeon |    853 |    853 |      0 |    379 |     64 |   2 |  426.5 |
               +--------+--------+--------+--------+--------+-----+--------+

Top non-repeatable levels by time:
     D:1: 836 daAuts
     D:2: 16 daAuts
